 Dungeon Crawl Stone Soup version 0.30.1-6-gbe392663c4 (webtiles) character file.

Game seed: 17607824062913503422

21 Kurtz the Chopper (level 2, 0/19 HPs)
             Began as a Tengu Fighter on Sept 20, 2023.
             Slain by a black bear (7 damage)
             ... on level 2 of the Dungeon.
             The game lasted 00:00:28 (535 turns).

Kurtz the Chopper (Tengu Fighter)                    Turns: 535, Time: 00:00:28

Health: 0/19       AC:  6    Str: 16    XL:     2   Next: 87%
Magic:  16/16      EV:  8    Int:  8    God:
Gold:   27         SH:  4    Dex: 13    Spells: 1/1 levels left

rFire   . . .        a - +0 war axe
rCold   . . .        c - +0 buckler
rNeg    . . .        b - +0 scale mail
rPois   .            (helmet restricted)
rElec   .            (no cloak)
rCorr   .            (no gloves)
SInv    .            (boots unavailable)
Will    .....        j
                       - Hermit's Pendant {Faith Invo=14 Evo=0 MP+5} Stlth
                     (no ring)
HPRegen 0.23/turn    (no ring)
MPRegen 0.15/turn

%: faith
@: no status effects
A: beak, talons 3
a: no special abilities


You were on level 2 of the Dungeon.
You visited 1 branch of the dungeon, and saw 2 of its levels.

You collected 27 gold pieces.

Inventory:

Hand Weapons
 a - a +0 war axe (weapon)
Armour
 b - a +0 scale mail (worn)
 c - a +0 buckler (worn)
Jewellery
 j - the Hermit's Pendant (around neck) {Faith Invo=14 Evo=0 MP+5}
   (You found it on level 2 of the Dungeon)

   [amulet of faith]

   Invo=14: It sets your Invocations skill to 14.
   Evo=0: It sets your Evocations skill to 0.
   It allows you to gain divine favour quickly.
   MP:        It affects your magic capacity (+5).
Scrolls
 e - a scroll of enchant armour {unknown}
 g - 4 scrolls of identify {unknown}
 h - a scroll of silence {unknown}
 i - a scroll of immolation {unknown}
Potions
 d - a potion of might
 f - a potion of invisibility {unknown}


   Skills:
 - Level 3.0 Fighting
 * Level 3.6 Axes
 - Level 3.2 Armour
 - Level 3.0 Shields


You had one spell level left.
You didn't know any spells.
Your spell library contained the following spells:

 Spells                   Type           Power      Damage    Failure   Level
 Call Canine Familiar     Summ           0%         N/A       99%         3
 Portal Projectile        Hex/Tloc       0%         N/A       99%         3
 Leda's Liquefaction      Hex/Erth       0%         N/A       100%        4


Dungeon Overview and Level Annotations

Branches:
Dungeon (2/15)

Altars:


Innate Abilities, Weirdness & Mutations

You have a beak for a mouth.
You have claws for feet.


Message History

You block the worm's attack.
You slash the worm!
You kill the worm!
No target in view!
No target in view!
No target in view!
Key pressed, stopping explore.
No target in view!
Magic restored.
You see here a worm corpse.
A black bear and a gnoll come into view.
Found a stone staircase leading down.
The black bear growls angrily.
The gnoll shouts!
A gnoll comes into view. It is wielding a +0 club. x2
Unknown command.
The gnoll shouts! x2
The black bear bites you. The black bear claws you.
The black bear barely misses you.
A frilled lizard comes into view.
You slash the black bear!
The black bear is moderately wounded.
The black bear bites you but does no damage.
The black bear misses you. x2
You hit the black bear.
You claw the black bear, but do no damage.
The black bear is heavily wounded.
The black bear bites you but does no damage.
The black bear claws you.
The black bear claws you but does no damage.
You barely miss the black bear. Your peck misses the black bear.
The black bear is heavily wounded.
The black bear closely misses you. You block the black bear's attack.
The black bear claws you.
The black bear bites you but does no damage.
The black bear claws you.
The black bear claws you but does no damage.
You see here a worm corpse.
The black bear attacks as you move away!
The black bear bites you!
You die...

.# .# ># .# .# .#
##########.###
###.....@hlgg..#
#.#.########.###
#.#.# ... ###
..#.### .#.#
..#######.#...#
.#.#
...#....#.###.# g#
# ##.#.##.#.#...#
g.
.....##.#.#.####.#
.#
##.................


You could see a black bear, 2 gnolls and a frilled lizard.

Vanquished Creatures
  2 worms (D:2)
  An endoplasm (D:2)
  2 hobgoblins
  2 jackals (D:2)
  4 kobolds
  A ball python (D:2)
  4 rats
16 creatures vanquished.

Notes
Turn   | Place    | Note
-------+----------+-------------------------------------------
     0 | D:1      | Kurtz the Tengu Fighter began the quest for the Orb.
     0 | D:1      | Reached XP level 1. HP: 14/14 MP: 2/2
    57 | D:1      | Found a faded altar of an unknown god.
   323 | D:2      | Reached XP level 2. HP: 19/19 MP: 3/3
   365 | D:2      | Found the Hermit's Pendant {Faith Invo=14 Evo=0 MP+5}
   526 | D:2      | Noticed a black bear
   535 | D:2      | Slain by a black bear

Illustrated notes

Levels and vault maps discovered:
D:1:      spicycebolla_green_bress_n_ham_2, layout_loops_ring,
          hellmonk_ecumenical_altar_lost_god
D:2:      layout_basic, cheibrodos_gnoll_hut

Skill      XL: |  1 |
---------------+----+-----
Axes           | 3 |  3.6
Fighting       | |  3.0
Armour         | |  3.2
Shields        | |  3.0

Action                     || total
---------------------------++-------
  Melee: War axe           ||    32
         Kick              ||     7
         Peck              ||     3
 Armour: Scale mail        ||    14
  Dodge: Dodged            ||    13
  Block: Buckler           ||     6
